 Dungeon Crawl Stone Soup version 0.29-a0-542-g075992c915 (webtiles) character file.

Game seed: 15086768944377350922

28 spiderkeys the Ducker (level 2, 0/18 HPs)
             Began as a Deep Elf Abyssal Knight on June 5, 2022.
             Was a Believer of Lugonu.
             Succumbed to a kobold's poison
             ... on level 1 of the Dungeon.
             The game lasted 00:01:08 (1032 turns).

spiderkeys the Ducker (Deep Elf Abyssal Knight)     Turns: 1032, Time: 00:01:09

Health: 0/18       AC:  3    Str: 10    XL:     2   Next: 96%
Magic:  5/5        EV: 12    Int: 14    God:    Lugonu [**....]
Gold:   28         SH:  0    Dex: 15    Spells: 1/1 levels left

rFire   . . .      SeeInvis .   a - +1 falchion
rCold   . . .      Faith    .   (no shield)
rNeg    . . .      Spirit   .   b - +0 leather armour
rPois   .          Reflect  .   (no helmet)
rElec   .          Harm     .   (no cloak)
rCorr   .          Rampage  .   (no gloves)
Will    .....                   (no boots)
Stlth   +.........              (no amulet)
HPRegen 0.06/turn               (no ring)
MPRegen 0.09/turn               (no ring)

@: lethally poisoned (0 -> -2)
A: no striking features
a: Renounce Religion, Depart the Abyss, Bend Space


You were on level 1 of the Dungeon.
You worshipped Lugonu.
Lugonu was pleased with you.
You visited 1 branch of the dungeon, and saw 1 of its levels.
You visited the Abyss 1 time.

You collected 28 gold pieces.


   Skills:
 + Level 2.6 Fighting
 + Level 2.1 Long Blades
 - Level 1.0 Armour
 + Level 3.0 Dodging
 + Level 2.4 Invocations


You had one spell level left.
You didn't know any spells.
Your spell library was empty.

Inventory:

Hand Weapons
 a - a +1 falchion (weapon)
Missiles
 d - 24 stones
Armour
 b - a +0 leather armour (worn)
 e - a +0 chain mail
   (You found it on level 1 of the Dungeon)
Scrolls
 f - a scroll of identify {unknown}

Dungeon Overview and Level Annotations

Branches:
Dungeon (1/15)

Altars:

.........................##### #.
.######..###.......####..# #.
.#### ##.###.###.#.# #..# #.
....# #..##.# #.#.# #..# #####.
..### ##.##.# #.#.# #..# #.....
..# #############.# #..# #.###.
..####.#[#...#.#.#.# #..# #.##..
####...#...#...#.g.# #..# #.##..
#.#...#.#.#..@#.# #..# #.##..
####.#...#.#.#...#K# #..###.##.#
.......#...#[..#..g# #......#...
.....#.#.#...#.#.#######.###.....
.....#############.............##
##........ .######.......#
#.####### .. #....'.......# #.#
#.. .... . #.####.......#
##.####.###.... #.......##


You could see a friendly goblin (summoned).


Message History

Things that are here:
a +0 club; a goblin corpse 😕 HP[+1] Key pressed, stopping explore.
Key pressed, stopping explore.
e - a +0 chain mail Key pressed, stopping explore.
A giant cockroach comes into view. 😎 HP[+4]
Your hp is fully restored (18).
A giant cockroach is nearby!
The giant cockroach bites you but does no damage.
You hit the giant cockroach. The giant cockroach misses you.
The giant cockroach bites you but does no damage.
You slash the giant cockroach!
You kill the giant cockroach!
Lugonu accepts your kill.
Your Dodging skill increases to level 3!
No target in view!
No target in view!
f - a scroll labelled XEKI EFY OFEO You open the door.
There is an open door here.
You now have 28 gold pieces (gained 11).
Key pressed, stopping explore.
Found a faded altar of an unknown god.
g - a scroll labelled AKECASTROSAJ
d - 24 stones (gained 21)
There is a faded altar of an unknown god here.
Key pressed, stopping explore.
A ball python comes into view.
The ball python hisses angrily.
You slash the ball python!
You kill the ball python!
Lugonu accepts your kill.
No target in view!
No target in view!
No target in view!
You see here a ball python corpse.
Found a runed tower shield.
A kobold comes into view. It is wielding a +0 dagger of venom.
A kobold is nearby!
The kobold shouts!
The kobold throws a stone.
The stone barely misses you.
The kobold hits you with a +0 dagger of venom.
You are poisoned. 😕 HP[-1]
You take 1 damage, and now have 17/18 hp.
You barely miss the kobold.
You feel sick.
The kobold hits you with a +0 dagger of venom.
You are lethally poisoned! 😮 HP[-5]
You take 5 damage, and now have 12/18 hp.
MASSIVE DAMAGE!! (PAUSE)
You closely miss the kobold.
* * * LOW HITPOINT WARNING * * *
You feel very sick. The kobold barely misses you. 😨 HP[-3]
You take 3 damage, and now have 9/18 hp.
Unknown command.
You aren't carrying any potions.
Blink to where?
Press: ? - help, Dir - move target
As you read the scroll labelled AKECASTROSAJ, it crumbles to dust.
It was a scroll of blinking.
* * * LOW HITPOINT WARNING * * *
You feel sick. 😨 HP[-2]
You take 2 damage, and now have 7/18 hp.
Unknown command.
You aren't carrying any potions.
As you read the scroll labelled COLOTR BUAPLOA, it crumbles to dust.
Wisps of shadow whirl around you...
It was a scroll of summoning.
* * * LOW HITPOINT WARNING * * *
You feel sick. 😨 HP[-1]
You take 1 damage, and now have 6/18 hp.
Okay, then.
* * * LOW HITPOINT WARNING * * *
You feel sick. Something hits your goblin.
Your goblin is poisoned. 😱 HP[-2]
You take 2 damage, and now have 4/18 hp.
* * * LOW HITPOINT WARNING * * *
You feel sick.
Your goblin closely misses the kobold. 😱 HP[-1]
You take 1 damage, and now have 3/18 hp.
* * * LOW HITPOINT WARNING * * *
You feel sick.
Your goblin hits the kobold with a +0 club. 😱 HP[-1]
You take 1 damage, and now have 2/18 hp.
You swap places.
* * * LOW HITPOINT WARNING * * *
You feel sick. 😱 HP[-1]
You take 1 damage, and now have 1/18 hp.
You aren't carrying any potions.
You die...

Skill      XL: |  1  2 |
---------------+-------+-----
Armour         | 1 |  1.0
Long Blades    | 2 |  2.1
Dodging        | 3 |  3.0
Fighting       | |  2.6
Invocations    | |  2.4

Action                   || total
-------------------------++-------
Melee: Falchion          ||    50
  Use: Scroll            ||     2
Armor: Leather armour    ||    16
Dodge: Dodged            ||    29

Levels and vault maps discovered:
D:1:      dpeg_arrival_ratfight, layout_basic, basic_ecumenical_altar,
          minmay_misc_feat_alley, corexii_corridor_pit

Notes
Turn   | Place    | Note
-------+----------+-------------------------------------------
     0 | Abyss:1  | spiderkeys the Deep Elf Abyssal Knight began the quest for
                  | the Orb.
     0 | Abyss:1  | Reached XP level 1. HP: 13/13 MP: 4/4
     0 | Abyss:1  | magus.rc [v1.11.3]
    12 | D:1      | You pass through the gate.
    12 | D:1      | Escaped the Abyss
   311 | D:1      | Reached skill level 1 in Armour
   513 | D:1      | Reached XP level 2. HP: 18/18 MP: 5/5
   550 | D:1      | Reached skill level 2 in Long Blades
   895 | D:1      | Reached skill level 3 in Dodging
   953 | D:1      | Found a faded altar of an unknown god.
  1028 | D:1      | HP: 4/18 [poisoned by a kobold]
  1031 | D:1      | HP: 1/18 [poisoned by a kobold]
  1032 | D:1      | Succumbed to a kobold's poison

Vanquished Creatures
  A dart slug (D:1)
  2 bats (D:1)
  3 endoplasms (D:1)
  2 giant cockroaches (D:1)
  2 goblins (D:1)
  3 hobgoblins (D:1)
  3 quokkas (D:1)
  A ball python (D:1)
  A frilled lizard (D:1)
  2 kobolds (D:1)
  3 rats (D:1)
23 creatures vanquished.

Table legend:
 A = Non-vault XP
 B = Vault XP
 C = Vault XP percentage of total XP
 D = Non-vault monster count
 E = Vault monster count
 F = Vault count percentage of total count
                 A         B        C        D         E       F
            +---------+---------+-------+---------+---------+-------
      Total |      40 |       0 |   0.0 |      23 |       0 |   0.0
            +---------+---------+-------+---------+---------+-------
        D:1 |      40 |       0 |   0.0 |      23 |       0 |   0.0
            +---------+---------+-------+---------+---------+-------

Illustrated notes

Table legend:
 A = Kills in this place as a percentage of kills in entire the game.
 B = Kills by you in this place as a percentage of kills by you in the entire game.
 C = Kills by friends in this place as a percentage of kills by friends in the entire game.
 D = Other kills in this place as a percentage of other kills in the entire game.
 E = Experience gained in this place as a percentage of experience gained in the entire game.
 F = Experience gained in this place divided by the number of levels of this place that you have seen.
                   A       B       C       D       E      F
               +-------+-------+-------+-------+-------+----------------------
         Total | 100.0 | 100.0 |   N/A |   N/A | 100.0 |  20.0
       Dungeon | 100.0 | 100.0 |   N/A |   N/A | 100.0 |  40.0
               +-------+-------+-------+-------+-------+----------------------

Table legend: (Time is in decaauts)
 A = Elapsed time spent in this place.
 B = Non-inter-level travel time spent in this place.
 C = Inter-level travel time spent in this place.
 D = Time resting spent in this place.
 E = Time spent auto-exploring this place.
 F = Levels seen in this place.
 G = Mean time per level.
                   A        B        C        D        E       F      G
               +--------+--------+--------+--------+--------+-----+--------+
         Total |   1041 |   1041 |      0 |      0 |    898 |   2 |  520.5 |
       Dungeon |   1029 |   1029 |      0 |      0 |    894 |   1 | 1029.0 |
         Abyss |     12 |     12 |      0 |      0 |      4 |   1 |   12.0 |
               +--------+--------+--------+--------+--------+-----+--------+

Top non-repeatable levels by time:
     D:1: 1029 daAuts
 Abyss:1: 12 daAuts
